 Dungeon Crawl Stone Soup version 0.31-a0-1388-g4b2ba238e7 (webtiles) character file.

Game seed: 17543937274543795492

12546 Laraso the Basher (level 11, -5/100 HPs)
             Began as an Oni Cinder Acolyte on Dec 24, 2023.
             Was a High Priest of Ignis.
             Slain by Harold the merfolk
             ... wielding a +2 short sword of freezing
              (25 damage)
             ... on level 11 of the Dungeon.
             The game lasted 00:24:17 (17350 turns).

Laraso the Basher (Oni Cinder Acolyte)             Turns: 17350, Time: 00:24:17

Health: -5/100     AC: 13    Str: 24    XL:     11   Next: 95%
Magic:  1/20       EV:  9    Int: 19    God:    Ignis [*****.]
Gold:   757        SH:  0    Dex:  2    Spells: 12/22 levels left

rFire   . . .        b - +2 quarterstaff (chaos)
rCold   + . .        (shield currently unavailable)
rNeg    + + .        u - +4 steam dragon scales
rPois   +            (helmet restricted)
rElec   .            o - +2 cloak
rCorr   +            (gloves unavailable)
SInv    .            (boots unavailable)
Will    +....        (no amulet)
Stlth   +            p - ring of ice
HPRegen 0.36/turn    d - ring of the Establishment {rPois rN++ rCorr Str+4 Dex-2}
MPRegen 0.17/turn

%: no passive effects
@: inugami summoned
A: large, unfitting armour, horns 1, tough skin 1, double potion healing,
drunken brawling
a: Renounce Religion, Fiery Armour, Foxfire Swarm, Rising Flame


You were on level 11 of the Dungeon.
You worshipped Ignis.
Ignis was extremely pleased with you.
You visited 2 branches of the dungeon, and saw 12 of its levels.
You also visited: Sewer.

You collected 757 gold pieces.

Inventory:

Hand Weapons
 a - a +0 giant club
 b - a +2 quarterstaff of chaos (weapon)
Missiles
 I - 2 throwing nets
Armour
 o - a +2 cloak (worn)
 u - +4 steam dragon scales (worn)
Jewellery
 d - the ring of the Establishment (right hand) {rPois rN++ rCorr Str+4 Dex-2}
   (You acquired it on level 11 of the Dungeon)

   [ring of poison resistance]

   Str+4:     It affects your strength (+4).
   Dex-2:     It affects your dexterity (-2).
   rPois:     It protects you from poison rN++: It greatly protects you from
   negative energy.
   rCorr:     It protects you from acid and corrosion.
 p - a ring of ice (left hand)
 A - a ring of wizardry
 H - a ring of fire
Wands
 c - a wand of mindburst (10)
 h - a wand of flame (26)
 v - a wand of iceblast (8)
 z - a wand of charming (5)
 F - a wand of acid (4)
Scrolls
 e - 5 scrolls of torment
 f - 6 scrolls of teleportation
 g - 2 scrolls of fog
 k - 3 scrolls of blinking
 r - a scroll of butterflies
 t - 2 scrolls of amnesia
 y - 2 scrolls of fear
 C - a scroll of revelation
 D - a scroll of silence
 E - a scroll of enchant weapon
Potions
 i - a potion of lignification
 j - 2 potions of ambrosia
 l - 2 potions of resistance
 m - a potion of curing {unknown}
 n - 3 potions of heal wounds
 q - a potion of mutation {unknown}
 s - a potion of haste {unknown}
 w - a potion of attraction {unknown}
 B - a potion of might {unknown}


   Skills:
 - Level 4.0 Fighting
 + Level 14.0 Maces & Flails
 - Level 6.0 Spellcasting
 - Level 7.0 Summonings
 - Level 3.0 Translocations
 - Level 3.0 Fire Magic
 - Level 7.0 Ice Magic


You had 12 spell levels left.
You knew the following spells:

 Your Spells              Type           Power      Damage    Failure   Level
a - Scorch                Fire           34%        2d6       4%          2
b - Blink                 Tloc           34%        N/A       4%          2
c - Call Canine Familiar  Summ           32%        N/A       1%          3
e - Ozocubu's Armour      Ice            48%        N/A       1%          3

Your spell library contained the following spells:

 Spells                   Type           Power      Damage    Failure   Level
 Lesser Beckoning         Tloc           34%        N/A       4%          2
 Momentum Strike          Conj/Tloc      22%        3d8       9%          2
 Gell's Gravitas          Tloc           17%        N/A       10%         3
 Teleport Other           Tloc           17%        N/A       10%         3
 Fugue of the Fallen      Necr           5%         N/A       32%         3
 Sigil of Binding         Hex            5%         N/A       32%         3
 Manifold Assault         Tloc           17%        N/A       32%         4
 Dimensional Bullseye     Hex/Tloc       5%         N/A       52%         4
 Dispersal                Tloc           8%         N/A       99%         6


Dungeon Overview and Level Annotations

Branches:
Dungeon (11/15)            Temple (0/1) D:4            Lair (1/5) D:8
  Sewer (visited)
    Orc: D:9-12

Altars:
Ashenzari
Cheibriados
Fedhas
Hepliaklqana
Okawaru
Qazlal
Trog
Wu Jian
Yredelemnul
The Shining One

Annotations:
D:11 Harold
Lair:1 Nergalle


Innate Abilities, Weirdness & Mutations

You are too large for most types of armour.
You have a pair of small horns on your head.
You have tough skin. (AC +1)
You gain doubled healing and magic from potions.
Whenever you drink a healing potion, you attack all around you.


Message History

Harold's fire resistance burns away.
Casting: Scorch (safe; 4% risk of failure)
Confirm with . or Enter, or press ? or * to list all spells.
Flames lash Harold.
Harold is burned terribly!
Harold is heavily wounded.
Harold picks up a +0 chain mail of fire resistance.
Harold wears a +0 chain mail of fire resistance.
Casting: Scorch (safe; 4% risk of failure)
Confirm with . or Enter, or press ? or * to list all spells.
Flames lash Harold but do no damage.
Harold hits you with a +2 short sword of freezing!
Harold freezes you.
Casting: Scorch (safe; 4% risk of failure)
Confirm with . or Enter, or press ? or * to list all spells.
Flames lash Harold but do no damage.
Harold hits you but does no damage.
Casting: Scorch (safe; 4% risk of failure)
Confirm with . or Enter, or press ? or * to list all spells.
Flames lash Harold.
Harold is heavily wounded.
Harold hits you but does no damage.
Okay, then.
You hit Harold but do no damage. Lightning courses through Harold!!
Your headbutt misses Harold.
Harold is almost dead.
You hit Harold.
Harold flies into a frenzy!
Harold is almost dead.
Harold hits you with a +2 short sword of freezing.
Harold freezes you.
Harold hits you with a +2 short sword of freezing!!
Harold freezes you.
You hit Harold but do no damage. Your headbutt misses Harold.
Harold is almost dead.
Harold hits you with a +2 short sword of freezing!!
* * * LOW HITPOINT WARNING * * *
Harold freezes you.
* * * LOW HITPOINT WARNING * * *
You closely miss Harold. Your headbutt misses Harold.
Harold is almost dead.
Harold hits you with a +2 short sword of freezing!!
You die...

#.# #.# #.# #.# #.#
#.# #.##########
#........h.#
#########@## #m#
...#. #.# ..#. #.#
###.#. #.# ......
#.# ..{!o #.# @..
#.#
#####.##########.##


You could see the neutral Harold the merfolk (fast, strong, frenzied,
combustible, ally target) and a friendly inugami (summoned).

Vanquished Creatures
  2 two-headed ogres
  Urug (D:10)
  Maggie (D:6)
  Grinder (D:5)
  Prince Ribbit (D:5)
  2 trolls (D:10)
  Sigmund (D:3)
  2 wraiths
  25 yaks
  A human (D:4)
  A golden eye (D:11)
  2 vampire mosquitoes (D:11)
  A steam dragon (D:6)
  Grum (D:10)
  2 water moccasins (D:6)
  An acid dragon (D:11)
  2 ice beasts
  6 black bears
  3 sky beasts
  3 wolves (D:10)
  10 centaurs
  2 kobold brigands
  Blork the orc (D:5)
  3 bullfrogs
  A brain worm (Sewer)
  2 gnoll sergeants
  A scorpion (D:5)
  14 killer bees
  7 howler monkeys
  4 hounds
  Crazy Yiuf (D:6)
  2 orc priests
  3 iguanas
  2 orc wizards
  A nameless horror (D:9)
  16 gnolls
  5 adders
  2 river rats (Sewer)
  A shadow imp (D:6)
  2 white imps
  4 dart slugs
  3 worms
  8 orcs
  4 endoplasms
  7 giant cockroaches
  5 goblins
  4 hobgoblins
  2 jackals (Sewer)
  10 quokkas
  9 ball pythons
  11 bats
  9 frilled lizards
  13 kobolds
  8 rats
236 creatures vanquished.

Vanquished Creatures (collateral kills)
  A shadow (D:11)
  An orc warrior (D:11)
  A gnoll sergeant (D:11)
  A killer bee (D:9)
  2 gnolls (D:11)
  An orc (D:11)
  2 kobolds (D:8)
9 creatures vanquished.

Vanquished Creatures (others)
  A gnoll (D:7)
1 creature vanquished.

Grand Total: 246 creatures vanquished

Notes
Turn   | Place    | Note
-------+----------+-------------------------------------------
     0 | D:1      | Laraso the Oni Cinder Acolyte began the quest for the Orb.
     0 | D:1      | Reached XP level 1. HP: 24/24 MP: 2/2
   217 | D:1      | Reached XP level 2. HP: 32/32 MP: 4/4
   477 | D:1      | Learned a level 2 spell: Scorch
   766 | D:1      | Reached XP level 3. HP: 39/39 MP: 1/6
  1967 | D:2      | Reached XP level 4. HP: 33/48 MP: 1/9
  2920 | D:3      | Found a hazy altar of Hepliaklqana.
  2998 | D:3      | Found a broken altar of Ashenzari.
  3123 | D:3      | Learned a level 2 spell: Blink
  3189 | D:3      | Found a blossoming altar of Fedhas.
  3228 | D:3      | Found a snail-covered altar of Cheibriados.
  3229 | D:3      | Noticed Sigmund
  3242 | D:3      | Killed Sigmund
  3243 | D:3      | Reached skill level 4 in Maces & Flails
  3243 | D:3      | Reached XP level 5. HP: 53/54 MP: 4/11
  3243 | D:3      | Reached XP level 6. HP: 61/62 MP: 4/12
  3759 | D:4      | Found a runed translucent door.
  3760 | D:4      | Noticed a human
  3764 | D:4      | Found a basalt altar of Yredelemnul.
  3889 | D:4      | Killed a human
  3890 | D:4      | Reached skill level 5 in Maces & Flails
  4034 | D:4      | Found a staircase to the Ecumenical Temple.
  4092 | D:4      | Reached XP level 7. HP: 67/70 MP: 8/13
  4191 | D:4      | Found a glowing drain.
  4195 | Sewer    | Entered a sewer
  4726 | Sewer    | Reached skill level 6 in Maces & Flails
  5552 | D:4      | You fall into a shaft and drop 2 floors!
  5580 | D:6      | Found a runed translucent door.
  5581 | D:6      | Noticed Crazy Yiuf
  5590 | D:6      | Killed Crazy Yiuf
  5856 | D:6      | Reached skill level 7 in Maces & Flails
  6022 | D:6      | Noticed Maggie
  6073 | D:6      | HP: 3/70 [Maggie/+0 long sword (18)]
  6084 | D:6      | Killed Maggie
  6085 | D:6      | Reached skill level 8 in Maces & Flails
  6085 | D:6      | Reached XP level 8. HP: 55/78 MP: 11/14
  6187 | D:5      | Entered Level 5 of the Dungeon
  6474 | D:5      | Noticed Prince Ribbit
  6488 | D:5      | Killed Prince Ribbit
  6489 | D:5      | Reached skill level 9 in Maces & Flails
  6939 | D:5      | Noticed Blork the orc
  6948 | D:5      | Reached skill level 10 in Maces & Flails
  6958 | D:5      | Killed Blork the orc
  7112 | D:5      | Reached XP level 9. HP: 84/84 MP: 8/15
  7159 | D:5      | Found a bloodstained altar of Trog.
  7479 | D:5      | Noticed Grinder
  7495 | D:5      | Killed Grinder
  7496 | D:5      | Reached skill level 11 in Maces & Flails
  8252 | D:5      | Learned a level 3 spell: Ozocubu's Armour
  8717 | D:6      | Reached skill level 1 in Ice Magic
  9366 | D:7      | Reached skill level 5 in Spellcasting
 10257 | D:7      | Identified the +7 long sword "Iloboto" {flame, rCorr Str+3
                  | Int+3}
 10289 | D:7      | Reached XP level 10. HP: 74/92 MP: 4/19
 11242 | D:8      | Reached skill level 5 in Ice Magic
 12327 | D:8      | Reached skill level 12 in Maces & Flails
 12654 | D:8      | Found a glowing golden altar of the Shining One.
 12658 | D:8      | Found a staircase to the Lair.
 12848 | D:8      | Learned a level 3 spell: Call Canine Familiar
 13087 | D:9      | Found an iron altar of Okawaru.
 13180 | D:9      | Found a stormy altar of Qazlal.
 14239 | D:10     | Entered Level 10 of the Dungeon
 14299 | D:10     | Noticed Urug
 14311 | D:10     | Killed Urug
 14461 | D:10     | Reached XP level 11. HP: 89/100 MP: 9/20
 14870 | D:10     | Reached skill level 13 in Maces & Flails
 14979 | D:10     | Noticed a two-headed ogre
 14994 | D:10     | Killed a two-headed ogre
 14995 | D:10     | Reached skill level 5 in Summonings
 15258 | D:10     | Noticed Grum
 15289 | D:10     | Killed Grum
 15727 | D:10     | Found an ornate altar of the Wu Jian Council.
 16024 | Lair:1   | Entered Level 1 of the Lair of Beasts
 16025 | Lair:1   | Noticed Nergalle
 16801 | D:11     | Noticed a two-headed ogre
 16813 | D:11     | Killed a two-headed ogre
 16995 | D:11     | Identified a scroll of acquirement
 16996 | D:11     | Acquired the ring of the Establishment {rPois rN++ rCorr
                  | Str+4 Dex-2}
 17306 | D:11     | Noticed Harold
 17336 | D:11     | Reached skill level 14 in Maces & Flails
 17341 | D:11     | Harold changed into Harold the merfolk
 17341 | D:11     | Noticed Harold
 17350 | D:11     | Slain by Harold the merfolk

Illustrated notes

Levels and vault maps discovered:
D:1:      dpeg_arrival_brainrot, layout_basic
D:2:      layout_basic
D:3:      layout_loops_ring, lemuel_round_altar, fedhas_altar_fruit_tree,
          lemuel_tele_altar, nicolae_overflow_crystal_walls, uniq_sigmund
D:4:      layout_loops_cross, dk_yredelemnul_ordeal, minmay_temple_entry_hall,
          mainiacjoe_sewer_entry_somewhere_in_here_2
D:5:      layout_layer_cave, kennysheep_little_box, nicolae_tricolors,
          uniq_prince_ribbit1, uniq_grinder, uniq_blork_the_orc
D:6:      layout_basic, uniq_crazy_yiuf_cottage, uniq_maggie
D:7:      layout_gridville, grunt_potential
D:8:      layout_basic, mainiacjoe_overflow_tiny_flanked, lair_entry_dummy,
          centaur_isle
D:9:      layout_stronghold, okawaru_trees_2, lemuel_crystal_altar
D:10:     layout_roguey, pdpol_wu_jian_five_deadly_venoms, item_on_display_a,
          uniq_urug, uniq_grum
D:11:     layout_basic, uniq_harold
Lair:1:   layout_concentric_octagons, gammafunk_ghost_necromancy,
          evilmike_ambush [evilmike_ambush_outer_pillars,
          evilmike_ambush_inner_basic], uniq_nergalle

Skill      XL: |  1  2  3  4  5  6  7  8  9 10 11 |
---------------+----------------------------------+-----
Fire Magic     | 3 |  3.0
Spellcasting   | 2 3 4 6 |  6.0
Maces & Flails | 4 5 8 10 11 12 14 | 14.0
Translocations | 2 3 |  3.0
Ice Magic      | 3 7 |  7.0
Summonings     | 2 7 |  7.0
Fighting       | |  4.0

Action                     |  1- 3 |  4- 6 |  7- 9 | 10-12 || total
---------------------------+-------+-------+-------+-------++-------
  Melee: Mace              |    42 |     7 |     7 |       ||    56
         Headbutt          |     5 |     1 |     5 |    53 ||    64
         Quarterstaff      |       |       |    30 |   365 ||   395
   Cast: Scorch            |    34 |    26 |   201 |   132 ||   393
         Ozocubu's Armour  |       |       |     2 |    28 ||    30
         Call Canine Famil |       |       |       |    10 ||    10
 Invoke: Fiery Armour      |       |       |     1 |     1 ||     2
    Use: Scroll            |       |       |    16 |     7 ||    23
         Potion            |       |       |     1 |     2 ||     3
   Stab: Petrifying        |       |       |       |     3 ||     3
         Paralysed         |       |       |       |     1 ||     1
 Armour: Robe              |    36 |    12 |    33 |       ||    81
         Steam dragon scal |       |       |   181 |   594 ||   775
  Dodge: Dodged            |    21 |     7 |   102 |   287 ||   417

Table legend: (Time is in decaauts)
 A = Elapsed time spent in this place.
 B = Non-inter-level travel time spent in this place.
 C = Inter-level travel time spent in this place.
 D = Time resting spent in this place.
 E = Time spent auto-exploring this place.
 F = Levels seen in this place.
 G = Mean time per level.
                   A        B        C        D        E       F      G
               +--------+--------+--------+--------+--------+-----+--------+
         Total |  17355 |  16812 |    543 |   5579 |   8822 |  13 | 1335.0 |
       Dungeon |  16331 |  15789 |    542 |   5084 |   8463 |  11 | 1484.6 |
          Lair |      3 |      3 |      0 |      0 |      0 |   1 |    3.0 |
         Sewer |   1020 |   1020 |      0 |    495 |    359 |   1 | 1020.0 |
               +--------+--------+--------+--------+--------+-----+--------+

Top non-repeatable levels by time:
     D:6: 2288 daAuts
     D:8: 2045 daAuts
     D:5: 1976 daAuts
    D:10: 1751 daAuts
     D:1: 1497 daAuts
     D:2: 1334 daAuts
     D:9: 1285 daAuts
     D:7: 1247 daAuts
    D:11: 1047 daAuts
   Sewer: 1020 daAuts
     D:4: 982 daAuts
     D:3: 875 daAuts
  Lair:1: 3 daAuts
